[Event "IV Closed GM BCC 2021"]
[Site "Barcelona"]
[Date "2021.04.05"]
[Round "1.2"]
[White "Gines Esteo, Pedro Antonio"]
[Black "Valenzuela Gomez, Fernando"]
[Result "1/2-1/2"]
[ECO "A46"]
[WhiteElo "2449"]
[BlackElo "2382"]
[Annotator "ChessBase"]
[PlyCount "64"]
[EventDate "2021.04.05"]
[EventType "tourn"]
[EventCountry "ESP"]
[SourceTitle "playchess.com"]
[Source "ChessBase"]
[SourceQuality "1"]
[TimeControl "5400+30"]

1. d4 Nf6 2. Nf3 d5 3. c4 e6 4. e3 a6 5. a3 dxc4 6. Bxc4 b5 7. Bd3 Bb7 8. O-O Nbd7 9. Qe2 c5 10. dxc5 Nxc5 11. Bc2 Qc7 12. Nc3 Nce4 13. Nxe4 Nxe4 14. Bxe4 Bxe4 15. Bd2 Bd6 16. Bb4 Bxb4 17. axb4 Qe7 18. Rfd1 O-O 19. Ne5 Rfd8 20. f3 f6 21. Rxd8+ Rxd8 22. fxe4 fxe5 23. Qg4 Kh8 24. h3 Qxb4 25. Rxa6 Qxb2 26. Qxe6 Qb1+ 27. Kh2 Qxe4 28. Rd6 Rg8 29. Qb3 h6 30. Rb6 Kh7 31. Rxb5 Rc8 32. Rb4 Qf5 1/2-1/2

[Event "IV Closed GM BCC 2021"]
[Site "Barcelona"]
[Date "2021.04.05"]
[Round "1.4"]
[White "Garcia Ramos, Daniel"]
[Black "Perez Mitjans, Orelvis"]
[Result "1/2-1/2"]
[ECO "A30"]
[WhiteElo "2436"]
[BlackElo "2412"]
[Annotator "ChessBase"]
[PlyCount "59"]
[EventDate "2021.04.05"]
[EventType "tourn"]
[EventCountry "ESP"]
[SourceTitle "playchess.com"]
[Source "ChessBase"]
[SourceQuality "1"]
[TimeControl "5400+30"]

1. c4 c5 2. Nf3 Nc6 3. g3 g6 4. Bg2 Bg7 5. O-O Nh6 6. Nc3 Nf5 7. a3 O-O 8. Rb1 a5 9. Ne1 d6 10. d3 Bd7 11. Bd2 e6 12. e3 h5 13. b3 Qe7 14. Nc2 Nh6 15. Qe2 h4 16. Rfc1 hxg3 17. hxg3 f5 18. b4 axb4 19. axb4 cxb4 20. Nxb4 Nxb4 21. Rxb4 Bc6 22. Rcb1 Ng4 23. d4 Qg5 24. d5 exd5 25. Bxd5+ Bxd5 26. Nxd5 Qh5 27. f3 Ne5 28. Kg2 Ra2 29. Rf1 Rf7 30. Nf4 1/2-1/2

[Event "IV Closed GM BCC 2021"]
[Site "Barcelona"]
[Date "2021.04.05"]
[Round "1.5"]
[White "Maurizzi, Marc Andria"]
[Black "Hernandez, Cristian Andres"]
[Result "0-1"]
[ECO "E32"]
[WhiteElo "2479"]
[BlackElo "2357"]
[Annotator "ChessBase"]
[PlyCount "86"]
[EventDate "2021.04.05"]
[EventType "tourn"]
[EventCountry "ESP"]
[SourceTitle "playchess.com"]
[Source "ChessBase"]
[SourceQuality "1"]
[TimeControl "5400+30"]

1. d4 Nf6 2. c4 e6 3. Nc3 Bb4 4. Qc2 O-O 5. a3 Bxc3+ 6. Qxc3 b5 7. cxb5 c6 8. Bg5 cxb5 9. e3 Bb7 10. Nf3 a6 11. Bd3 Nc6 12. e4 h6 13. Bh4 g5 14. Bg3 d5 15. e5 Ne4 16. Qc1 Rc8 17. Qe3 Ne7 18. O-O Nf5 19. Qe2 h5 20. h3 Kg7 21. Rad1 Rh8 22. Rfe1 Rh6 23. Nd2 Nxd4 24. Qf1 Qb6 25. Nxe4 dxe4 26. Bxe4 Bxe4 27. Rxe4 Nf5 28. Kh1 Rc2 29. Re2 Qc6 30. Rdd2 Rxd2 31. Rxd2 Rh8 32. Qd1 Kg6 33. Rd6 Nxd6 34. exd6 Qd5 35. Qc2+ f5 36. Qc3 e5 37. Bxe5 Re8 38. f4 gxf4 39. Bxf4 Qd1+ 40. Kh2 Re1 41. Bd2 Rh1+ 42. Kg3 h4+ 43. Kxh4 Qg4# 0-1

[Event "IV Closed GM BCC 2021"]
[Site "Barcelona"]
[Date "2021.04.06"]
[Round "2.1"]
[White "Cuenca Jimenez, Jose Fernando"]
[Black "Hernandez, Cristian Andres"]
[Result "1-0"]
[ECO "E04"]
[WhiteElo "2506"]
[BlackElo "2357"]
[Annotator "ChessBase"]
[PlyCount "75"]
[EventDate "2021.04.05"]
[EventType "tourn"]
[EventCountry "ESP"]
[SourceTitle "playchess.com"]
[Source "ChessBase"]
[SourceQuality "1"]
[TimeControl "5400+30"]

1. c4 e6 2. Nf3 Nf6 3. g3 d5 4. d4 dxc4 5. Bg2 Nc6 6. Qa4 Bb4+ 7. Bd2 Nd5 8. Qb5 Bxd2+ 9. Nbxd2 c3 10. bxc3 Nxc3 11. Qb3 Nd5 12. O-O O-O 13. Rfc1 a5 14. Rab1 Ra6 15. Nc4 Nb6 16. Na3 a4 17. Qc2 h6 18. e3 Qe7 19. Nb5 Nd5 20. e4 Nf6 21. Ne1 Rd8 22. Qc4 Ne8 23. e5 Na5 24. Qxa4 c6 25. Nc3 b5 26. Qb4 Qa7 27. Nc2 Bd7 28. Qe7 Rc8 29. Ne4 c5 30. Nb4 Nc6 31. Nxc6 Bxc6 32. Qxa7 Rxa7 33. Rxc5 Bxe4 34. Bxe4 Rd8 35. d5 Rxa2 36. d6 f6 37. Rcxb5 fxe5 38. Rb8 1-0

[Event "IV Closed GM BCC 2021"]
[Site "Barcelona"]
[Date "2021.04.06"]
[Round "2.2"]
[White "Perez Mitjans, Orelvis"]
[Black "Maurizzi, Marc Andria"]
[Result "1/2-1/2"]
[ECO "C26"]
[WhiteElo "2412"]
[BlackElo "2479"]
[Annotator "ChessBase"]
[PlyCount "102"]
[EventDate "2021.04.05"]
[EventType "tourn"]
[EventCountry "ESP"]
[SourceTitle "playchess.com"]
[Source "ChessBase"]
[SourceQuality "1"]
[TimeControl "5400+30"]

1. e4 e5 2. Nc3 Nf6 3. g3 Bc5 4. Bg2 c6 5. Qe2 O-O 6. Nf3 Re8 7. d3 d5 8. O-O h6 9. h3 Nbd7 10. Nh4 Nf8 11. Nd1 Ne6 12. c3 Ng5 13. Kh2 dxe4 14. dxe4 Be6 15. Nf5 Bxf5 16. exf5 e4 17. Be3 Qd5 18. Bxc5 Nf3+ 19. Kh1 Qxc5 20. Ne3 Rad8 21. Rad1 Ne5 22. Rxd8 Rxd8 23. Rd1 Rxd1+ 24. Qxd1 Nd3 25. Qe2 Qb5 26. b3 Qe5 27. c4 Qa5 28. Kg1 Nc1 29. Qc2 Qe1+ 30. Bf1 Nd3 31. Nd1 Nd7 32. Qe2 Qa5 33. Qxe4 N3e5 34. Qe2 Nf6 35. Bg2 h5 36. Ne3 Qc3 37. Kh2 Nd3 38. Nd1 Qd4 39. Qe3 Qd7 40. Qxa7 Ne1 41. Ne3 Qd2 42. Nf1 Qc2 43. Qe3 Nxg2 44. Kxg2 Qxa2 45. Qd3 Qa5 46. Ne3 Qe5 47. Qd8+ Kh7 48. Qf8 Qe4+ 49. Kg1 Qb1+ 50. Kg2 Qe4+ 51. Kg1 Qb1+ 1/2-1/2

[Event "IV Closed GM BCC 2021"]
[Site "Barcelona"]
[Date "2021.04.06"]
[Round "2.3"]
[White "Narciso Dublan, Marc"]
[Black "Garcia Ramos, Daniel"]
[Result "1-0"]
[ECO "C45"]
[WhiteElo "2521"]
[BlackElo "2436"]
[Annotator "ChessBase"]
[PlyCount "61"]
[EventDate "2021.04.05"]
[EventType "tourn"]
[EventCountry "ESP"]
[SourceTitle "playchess.com"]
[Source "ChessBase"]
[SourceQuality "1"]
[TimeControl "5400+30"]

1. e4 e5 2. Nf3 Nc6 3. d4 exd4 4. Nxd4 Bc5 5. Be3 Qf6 6. c3 Nge7 7. Bc4 O-O 8. O-O a6 9. Nc2 Qe5 10. Nd2 b5 11. Bb3 Na5 12. Nf3 Qh5 13. Bxc5 Qxc5 14. Re1 Nxb3 15. axb3 Qb6 16. b4 d6 17. e5 Nf5 18. Qd3 g6 19. exd6 Qxd6 20. Qxd6 Nxd6 21. Re7 Bf5 22. Ne3 Rfc8 23. Nd5 Be6 24. Rxe6 fxe6 25. Ne7+ Kg7 26. Nxc8 Rxc8 27. Rxa6 Kf6 28. Nd4 Ke5 29. Kf1 Kd5 30. Rc6 Nc4 31. Rc5+ 1-0

[Event "IV Closed GM BCC 2021"]
[Site "Barcelona"]
[Date "2021.04.06"]
[Round "2.4"]
[White "Valenzuela Gomez, Fernando"]
[Black "Ayats Llobera, Gerard"]
[Result "1-0"]
[ECO "B63"]
[WhiteElo "2382"]
[BlackElo "2403"]
[Annotator "ChessBase"]
[PlyCount "97"]
[EventDate "2021.04.05"]
[EventType "tourn"]
[EventCountry "ESP"]
[SourceTitle "playchess.com"]
[Source "ChessBase"]
[SourceQuality "1"]
[TimeControl "5400+30"]

1. e4 c5 2. Nf3 d6 3. d4 cxd4 4. Nxd4 Nf6 5. Nc3 Nc6 6. Bg5 e6 7. Qd2 Nxd4 8. Qxd4 Be7 9. O-O-O O-O 10. f4 h6 11. Bh4 Bd7 12. e5 dxe5 13. fxe5 Nd5 14. Bxe7 Qxe7 15. Nxd5 exd5 16. Bd3 Be6 17. h4 a5 18. Rhf1 Rab8 19. a4 b6 20. Rf3 h5 21. Rdf1 Bg4 22. Rf6 Rbe8 23. Rxb6 Qxh4 24. Kb1 Qg3 25. Qxd5 Be6 26. Qxa5 Qxg2 27. Qe1 Rd8 28. Be4 Qg5 29. Rg1 Bg4 30. Bd3 Rd4 31. a5 Rfd8 32. e6 Qd5 33. e7 Re8 34. Rb8 Bd7 35. Rxe8+ Bxe8 36. Qc3 g6 37. Qc8 Qd7 38. Qxd7 Rxd7 39. Bb5 Rxe7 40. Bxe8 Rxe8 41. b4 Rb8 42. c3 Kg7 43. Kc2 f5 44. a6 h4 45. a7 Ra8 46. Ra1 h3 47. b5 h2 48. b6 Kf6 49. Rh1 1-0

[Event "IV Closed GM BCC 2021"]
[Site "Barcelona"]
[Date "2021.04.07"]
[Round "3.3"]
[White "Garcia Ramos, Daniel"]
[Black "Valenzuela Gomez, Fernando"]
[Result "1-0"]
[ECO "A21"]
[WhiteElo "2436"]
[BlackElo "2382"]
[Annotator "RC"]
[PlyCount "165"]
[EventDate "2021.04.05"]
[EventType "tourn"]
[EventCountry "ESP"]
[SourceTitle "playchess.com"]
[Source "ChessBase"]
[SourceQuality "1"]
[TimeControl "5400+30"]

1. c4 e5 2. Nc3 Bb4 3. Nf3 Bxc3 4. dxc3 e4 5. Nd4 Nf6 6. Bg5 h6 7. Bh4 e3 8. f4 O-O 9. Qd3 Re8 10. Nf5 b5 11. cxb5 Bb7 12. Nxe3 d6 13. Ng4 Nbd7 14. O-O-O a6 15. b6 Be4 16. Qd4 Re6 17. Bxf6 gxf6 18. f5 Re8 19. Qf2 h5 20. Ne3 Kf8 21. Rg1 Nxb6 22. Nc2 Qd7 23. Qd4 Qxf5 24. g4 Qg5+ 25. Qd2 Bxc2 26. Kxc2 Nc4 27. Qxg5 fxg5 28. Rd3 Rab8 29. b3 Ne3+ 30. Kd2 Nxg4 31. Rh3 Nf6 32. Bg2 Re5 33. Rf1 Kg7 34. Bc6 g4 35. Rd3 Ra5 36. Ba4 Ne4+ 37. Kc2 Nc5 38. Rd5 Nb7 39. Rxa5 Nxa5 40. Rf5 Nb7 41. Bc6 Nd8 42. Bd5 c6 43. Bc4 d5 44. Bxa6 Ra8 45. Bd3 Rxa2+ 46. Kb1 Rd2 47. Kc1 Ra2 48. Rxh5 Ra1+ 49. Bb1 Ne6 50. Rh4 f5 51. Kb2 Rxb1+ 52. Kxb1 Nf4 53. Kc2 Nxe2 54. Rh5 Kg6 55. Rh8 d4 56. Kd3 Nxc3 57. Kxd4 Ne4 58. Ke5 Nd2 59. b4 Nf3+ 60. Kf4 Nd4 61. Rc8 Kf6 62. Rh8 Kg7 63. Rb8 Kf6 64. Rb6 Ke6 65. b5 Nxb5 66. Rxc6+ Nd6 67. Ra6 Kd5 68. Ra1 Ke6 69. Ra5 Kf7 70. Rd5 Ke6 71. Rc5 Kf7 72. Ke5 Ne4 73. Rc1 Kg6 74. Rc8 Nd2 75. Kf4 Nf3 76. h3 Ne1 77. hxg4 fxg4 78. Kxg4 Nd3 79. Rc6+ Kf7 80. Kf5 Ke7 81. Rc4 Nf2 82. Rd4 Nh3 83. Kg4 1-0

[Event "IV Closed GM BCC 2021"]
[Site "Barcelona"]
[Date "2021.04.08"]
[Round "4.1"]
[White "Cuenca Jimenez, Jose Fernando"]
[Black "Perez Mitjans, Orelvis"]
[Result "1-0"]
[ECO "A60"]
[WhiteElo "2506"]
[BlackElo "2412"]
[Annotator "ChessBase"]
[PlyCount "53"]
[EventDate "2021.04.05"]
[EventType "tourn"]
[EventCountry "ESP"]
[SourceTitle "playchess.com"]
[Source "ChessBase"]
[SourceQuality "1"]
[TimeControl "5400+30"]

1. d4 Nf6 2. c4 c5 3. d5 e6 4. Nc3 exd5 5. cxd5 g6 6. d6 Bg7 7. e4 O-O 8. e5 Ne8 9. f4 Nc6 10. Nf3 f6 11. Bc4+ Kh8 12. h4 fxe5 13. h5 exf4 14. Nh4 Ne5 15. Nxg6+ Nxg6 16. hxg6 h6 17. Bf7 Qg5 18. Kf1 b6 19. Rh5 Qg3 20. Ne4 Ba6+ 21. Kg1 Qd3 22. Qf3 Qxf3 23. gxf3 Bb7 24. Bxf4 Bxe4 25. fxe4 Nf6 26. Rh4 Nxe4 27. Bxh6 1-0

[Event "IV Closed GM BCC 2021"]
[Site "Barcelona"]
[Date "2021.04.08"]
[Round "4.2"]
[White "Narciso Dublan, Marc"]
[Black "Hernandez, Cristian Andres"]
[Result "1-0"]
[ECO "B20"]
[WhiteElo "2521"]
[BlackElo "2357"]
[Annotator "RC"]
[PlyCount "113"]
[EventDate "2021.04.05"]
[EventType "tourn"]
[EventCountry "ESP"]
[SourceTitle "playchess.com"]
[Source "ChessBase"]
[SourceQuality "1"]
[TimeControl "5400+30"]

1. e4 c5 2. Be2 Nc6 3. f4 g6 4. Nf3 d5 5. d3 Nf6 6. e5 Nh5 7. O-O Bh6 8. Ne1 Ng7 9. c3 Ne6 10. Na3 Nc7 11. d4 cxd4 12. cxd4 O-O 13. Nac2 f6 14. Nd3 Bf5 15. Be3 Ne6 16. Bg4 fxe5 17. Bxf5 Rxf5 18. dxe5 d4 19. Bd2 Qd5 20. Qf3 Qxf3 21. Rxf3 b6 22. Rc1 Raf8 23. Nce1 Ncd8 24. g3 R5f7 25. h4 Bg7 26. Rf2 h6 27. Nf3 g5 28. hxg5 hxg5 29. Rh2 gxf4 30. gxf4 Rf5 31. b4 Kf7 32. Kf2 Ke8 33. Rg1 Kd7 34. Ke2 Rh8 35. Rxh8 Bxh8 36. Rg4 Nf7 37. Nf2 Nh6 38. Rh4 Bg7 39. Ne4 Rf8 40. Ng3 a5 41. a3 axb4 42. axb4 Kc6 43. Kd3 Kd5 44. Ne1 Ra8 45. Nc2 Rf8 46. Na3 Rg8 47. Ne2 Nf5 48. Rh5 Rf8 49. Nc4 b5 50. Na3 Nc7 51. Rg5 e6 52. Ng3 Bh6 53. Rg6 Nxg3 54. Rxh6 Nf5 55. Rh7 Rg8 56. Be1 Rg1 57. Rxc7 1-0

[Event "IV Closed GM BCC 2021"]
[Site "Barcelona"]
[Date "2021.04.08"]
[Round "4.5"]
[White "Gines Esteo, Pedro Antonio"]
[Black "Ayats Llobera, Gerard"]
[Result "1-0"]
[ECO "B06"]
[WhiteElo "2449"]
[BlackElo "2403"]
[Annotator "RC"]
[PlyCount "115"]
[EventDate "2021.04.05"]
[EventType "tourn"]
[EventCountry "ESP"]
[SourceTitle "playchess.com"]
[Source "ChessBase"]
[SourceQuality "1"]
[TimeControl "5400+30"]

1. d4 d6 2. e4 g6 3. Nc3 Bg7 4. Be3 Nf6 5. h3 O-O 6. Nf3 a6 7. a4 Nbd7 8. e5 Ne8 9. Bc4 Nb6 10. Bb3 d5 11. a5 Nc4 12. Bxc4 dxc4 13. d5 f6 14. e6 c6 15. dxc6 Qxd1+ 16. Rxd1 bxc6 17. Nd4 Nc7 18. Nxc6 Re8 19. O-O Bxe6 20. Bb6 Rac8 21. Rfe1 Kf7 22. Re2 Nd5 23. Nxd5 Rxc6 24. Nb4 Rd6 25. Rxd6 exd6 26. Nxa6 Bc8 27. Rxe8 Kxe8 28. Nb4 f5 29. c3 Bb7 30. f3 Bh6 31. Kf2 Bc1 32. Ke2 Bxb2 33. Kd2 Kd7 34. h4 f4 35. Bg1 h6 36. Bd4 Ba3 37. a6 Ba8 38. Nc2 Bb2 39. Bg7 h5 40. Bh6 Kc6 41. Bxf4 Kc5 42. a7 Kd5 43. Be3 Kc6 44. Bd4 Kd7 45. Ne3 d5 46. Nc2 Ke6 47. g4 Bb7 48. Bc5 Ke5 49. gxh5 gxh5 50. Nd4 Ba1 51. Bb4 Ba8 52. Kc2 Kf4 53. Kb1 Kg3 54. Kxa1 Kxh4 55. f4 Kg4 56. f5 Kg5 57. Be7+ Kh6 58. Kb2 1-0

[Event "IV Closed GM BCC 2021"]
[Site "Barcelona"]
[Date "2021.04.09"]
[Round "5.4"]
[White "Hernandez, Cristian Andres"]
[Black "Valenzuela Gomez, Fernando"]
[Result "1-0"]
[ECO "B51"]
[WhiteElo "2357"]
[BlackElo "2382"]
[Annotator "NA"]
[PlyCount "87"]
[EventDate "2021.04.05"]
[EventType "tourn"]
[EventCountry "ESP"]
[SourceTitle "playchess.com"]
[Source "ChessBase"]
[SourceQuality "1"]
[TimeControl "5400+30"]

1. e4 c5 2. Nf3 d6 3. Bb5+ Nd7 4. d4 cxd4 5. Qxd4 a6 6. Bxd7+ Bxd7 7. Nc3 e5 8. Qd3 Rc8 9. Bg5 Qc7 10. Nd2 Be6 11. Nf1 h6 12. Bh4 Qa5 13. Ne3 Qb4 14. O-O-O g5 15. Bg3 Nf6 16. f3 Be7 17. h4 g4 18. h5 b5 19. Bh4 gxf3 20. gxf3 Qc5 21. Nf5 Bxf5 22. exf5 d5 23. Bxf6 Bxf6 24. Qxd5 Qxd5 25. Rxd5 Rd8 26. Rxd8+ Bxd8 27. Rg1 Bg5+ 28. Kd1 Be3 29. Rg4 Bd4 30. Ne4 Bxb2 31. Nf6+ Ke7 32. Rg8 Rxg8 33. Nxg8+ Kd6 34. Nxh6 e4 35. fxe4 Ke5 36. Nxf7+ Kxe4 37. h6 Kxf5 38. h7 Ke4 39. h8=Q Bxh8 40. Nxh8 Kd4 41. Kc1 Kc3 42. Ng6 a5 43. Nf4 Kb4 44. Kb2 1-0

[Event "IV Closed GM BCC 2021"]
[Site "Barcelona"]
[Date "2021.04.09"]
[Round "5.5"]
[White "Perez Mitjans, Orelvis"]
[Black "Narciso Dublan, Marc"]
[Result "1/2-1/2"]
[ECO "B10"]
[WhiteElo "2412"]
[BlackElo "2521"]
[Annotator "ChessBase"]
[PlyCount "66"]
[EventDate "2021.04.05"]
[EventType "tourn"]
[EventCountry "ESP"]
[SourceTitle "playchess.com"]
[Source "ChessBase"]
[SourceQuality "1"]
[TimeControl "5400+30"]

1. e4 c6 2. Nf3 d5 3. exd5 cxd5 4. d4 Nf6 5. Ne5 g6 6. Bb5+ Nbd7 7. O-O Bg7 8. f4 O-O 9. c3 Ne4 10. Bd3 Ndf6 11. Nd2 Bf5 12. Nxe4 Bxe4 13. Bxe4 Nxe4 14. Qb3 Qd6 15. Be3 e6 16. a4 Qc7 17. Rf3 Rab8 18. Rh3 Nd6 19. Qc2 b5 20. axb5 Rxb5 21. Qf2 Rfb8 22. Bc1 h5 23. g4 hxg4 24. Nxg4 Nf5 25. Ne5 R8b7 26. Ra6 Ra5 27. Rc6 Qd8 28. b4 Rab5 29. Qe2 Qe8 30. Ra6 R5b6 31. Ra5 Rb5 32. Ra6 R5b6 33. Ra5 Rb5 1/2-1/2